 Dungeon Crawl Stone Soup version 0.20.1-1-g8b1a95d (console) character file.

1796 hilaritas the Grappler (level 8, 0/78 HPs)
             Began as a Troll Hunter on Feb 11, 2018.
             Was a Follower of Uskayaw.
             Slain by an ogre
             ... wielding a +0 giant spiked club
              (17 damage)
             ... on level 5 of the Dungeon.
             The game lasted 00:11:47 (3992 turns).

hilaritas the Grappler (Troll Hunter)               Turns: 3992, Time: 00:11:47

Health: 0/78       AC:  5    Str: 23    XL:     8   Next: 83%
Magic:  7/7        EV:  5    Int:  7    God:    Uskayaw [*.....]
Gold:   43         SH: 12    Dex: 10    Spells: 5/7 levels left

rFire    . . .     SeeInvis .     - Unarmed
rCold    . . .     Gourm    +   y - +0 large shield
rNeg     . . .     Faith    .   b - +0 robe
rPois    +         Spirit   .   (helmet restricted)
rElec    .         Reflect  .   (no cloak)
rCorr    .         Harm     .   (gloves unavailable)
MR       .....                  (boots unavailable)
Stlth    +.........             (no amulet)
Regen    0.7/turn               v - ring of poison resistance
MPRegen  0.1/turn               (no ring)

@: no status effects
A: unfitting armour, claws 3, fast metabolism 3, gourmand, regeneration 1,
shaggy fur 1, tough skin 2
a: Stomp, Renounce Religion


You were on level 5 of the Dungeon.
You worshipped Uskayaw.
Uskayaw was noncommittal.
You were completely stuffed.

You visited 2 branches of the dungeon, and saw 6 of its levels.

You collected 283 gold pieces.
You spent 240 gold pieces at shops.

Inventory:

Hand Weapons
 o - a +2 whip of venom
Missiles
 c - 5 large rocks (quivered)
 d - 2 throwing nets
Armour
 b - a +0 robe (worn)
 y - a +0 large shield (worn)
Jewellery
 v - a ring of poison resistance (left claw)
Wands
 r - a wand of iceblast (3/15)
Scrolls
 l - 3 scrolls of remove curse
 p - 2 scrolls of teleportation
Potions
 e - 4 potions of curing
 g - a potion of haste
 h - a potion of ambrosia
 i - a potion of degeneration {unknown}
 j - 2 potions of brilliance {unknown}
 k - 4 potions of agility
 n - 4 potions of flight {unknown}
 q - a potion of heal wounds {unknown}
 t - 2 potions of cancellation {unknown}
 w - 2 potions of magic {unknown}
Books
 s - a book of Minor Magic

   Spells                             Type                      Level
   a - Magic Dart                     Conjuration                  1
   b - Blink                          Translocation                2
   c - Call Imp                       Summoning                    2
   d - Slow                           Hexes                        2
   e - Conjure Flame                  Conjuration/Fire             3
   f - Mephitic Cloud                 Conjuration/Poison/Air       3
Comestibles
 a - 5 fruits
 f - 4 bread rations
 m - 3 meat rations
 u - 4 chunks of flesh
 x - a royal jelly


   Skills:
 * Level 4.1 Fighting
 - Level 3.6 Throwing
 + Level 2.1 Dodging
 - Level 0.3 Stealth
 * Level 0.1 Shields
 - Level 10.1 Unarmed Combat
 * Level 0.1 Invocations


You had 5 spell levels left.
You knew the following spells:

 Your Spells              Type           Power        Failure   Level  Hunger
a - Blink                 Tloc           N/A          100%        2    ###....


Dungeon Overview and Level Annotations

Branches:
Dungeon (5/15)             Temple (1/1) D:5

Altars:
Cheibriados
Dithmenos
Elyvilon
Fedhas
Gozag
Hepliaklqana
Kikubaaqudgha
Makhleb
Okawaru
Qazlal
Trog
Uskayaw
Vehumet
Xom
Yredelemnul
Zin
The Shining One

Shops:
D:4 *


Innate Abilities, Weirdness & Mutations

You are too large for most types of armour.
You have claws for hands.
Your metabolism is lightning-fast.
You like to eat raw meat.
Your natural rate of healing is unusually fast.
You are covered in fur. (AC +1)
You have very tough skin. (AC +2)


Message History

You block the ogre's attack.
Your shield prevents you from hitting the ogre.
You scratch the ogre but do no damage.
The ogre hits you with a giant spiked club!!
Your shield prevents you from hitting the ogre.
The ogre hits you with a giant spiked club!!
You barely miss the ogre. You scratch the ogre.
The ogre is lightly wounded.
The ogre hits you with a giant spiked club!!
* * * LOW HITPOINT WARNING * * *
You claw the ogre!
The ogre is severely wounded.
The ogre barely misses you.
You completely miss the ogre.
The ogre is severely wounded.
You scratch the ogre.
The ogre is severely wounded.
The ogre hits you with a giant spiked club!
You die...

#........##..#.#....#.### #
#........##..#..##..#...#
#........##..##.....##..###
#.......[##..#####.........
#####.........## #..##...##
#####......#### ##...#
##......### #...#
###.#.#...# ##...
#.............#....
#...[..............
#.@................
#.O................
#...................
#...................
..#########......... ..#
##........ .## #.<#)##..<
.. ######.##.##.##
#......##....#.
#..########..##. # ##..#.


You could see an ogre.

Vanquished Creatures
  A two-headed ogre (D:5)
  A water moccasin (D:5)
  A sky beast (D:4)
  An ogre (D:5)
  A centaur (D:4)
  A crimson imp (D:3)
  3 hounds
  A jelly (D:5)
  2 orc priests (D:3)
  A bullfrog skeleton (D:5)
  3 orc wizards
  Natasha (D:2)
  Ijyb (D:3)
  5 worker ants
  A killer bee zombie (D:5)
  Robin (D:2)
  4 gnolls (D:2)
  11 adders
  An adder zombie (D:5)
  A worm (D:4)
  2 dart slugs
  4 leopard geckos
  16 orcs
  3 ball pythons
  3 bats
  5 giant cockroaches
  11 hobgoblins
  13 jackals
  2 quokkas
  3 frilled lizards
  24 goblins
  4 kobolds
  8 rats
140 creatures vanquished.

Vanquished Creatures (others)
  A quokka (D:5)
1 creature vanquished.

Grand Total: 141 creatures vanquished

Notes
Turn   | Place    | Note
-------+----------+-------------------------------------------
     0 | D:1      | hilaritas the Troll Hunter began the quest for the Orb.
     0 | D:1      | Reached XP level 1. HP: 19/19 MP: 0/0
    39 | D:1      | Reached skill level 1 in Unarmed Combat
   162 | D:1      | Reached XP level 2. HP: 22/27 MP: 1/1
   278 | D:1      | Reached skill level 2 in Unarmed Combat
   801 | D:2      | Reached XP level 3. HP: 22/35 MP: 2/2
   980 | D:2      | Reached skill level 3 in Unarmed Combat
  1020 | D:2      | Reached XP level 4. HP: 42/42 MP: 3/3
  1126 | D:2      | Reached skill level 4 in Unarmed Combat
  1280 | D:2      | Noticed Natasha
  1290 | D:2      | Killed Natasha
  1290 | D:2      | Reached XP level 5. HP: 47/49 MP: 4/4
  1390 | D:2      | Found a shimmering altar of Xom.
  1480 | D:2      | Noticed Robin
  1488 | D:2      | Found a bloodstained altar of Trog.
  1496 | D:2      | Killed Robin
  1739 | D:3      | Reached skill level 5 in Unarmed Combat
  1872 | D:3      | Reached XP level 6. HP: 34/57 MP: 5/5
  2087 | D:3      | Reached skill level 6 in Unarmed Combat
  2408 | D:3      | Noticed Ijyb
  2426 | D:3      | Killed Ijyb
  2701 | D:4      | Learned a level 2 spell: Blink
  2752 | D:4      | Noticed a sky beast
  2758 | D:4      | Killed a sky beast
  2758 | D:4      | Reached skill level 7 in Unarmed Combat
  2758 | D:4      | Reached XP level 7. HP: 66/66 MP: 6/6
  3173 | D:4      | Found Toerry's Assorted Antiques.
  3178 | D:4      | Bought a viscous emerald potion for 25 gold pieces
  3178 | D:4      | Bought a ruby potion for 25 gold pieces
  3178 | D:4      | Bought a glass ring for 140 gold pieces
  3178 | D:4      | Bought 2 glowing amethyst potions for 50 gold pieces
  3472 | D:5      | Entered Level 5 of the Dungeon
  3493 | D:5      | Noticed a two-headed ogre
  3509 | D:5      | Killed a two-headed ogre
  3509 | D:5      | Reached skill level 9 in Unarmed Combat
  3509 | D:5      | Reached XP level 8. HP: 26/75 MP: 7/7
  3655 | D:5      | Reached skill level 10 in Unarmed Combat
  3748 | D:5      | Found a bloodstained altar of Trog.
  3752 | D:5      | Found a glowing silver altar of Zin.
  3752 | D:5      | Found a radiant altar of Vehumet.
  3754 | D:5      | Found a shimmering altar of Xom.
  3754 | D:5      | Found an opulent altar of Gozag.
  3755 | D:5      | Found an ancient bone altar of Kikubaaqudgha.
  3756 | D:5      | Found a shimmering altar of Xom.
  3757 | D:5      | Found a snail-covered altar of Cheibriados.
  3757 | D:5      | Found a radiant altar of Vehumet.
  3757 | D:5      | Found a shadowy altar of Dithmenos.
  3757 | D:5      | Found a shimmering altar of Xom.
  3757 | D:5      | Found a snail-covered altar of Cheibriados.
  3762 | D:5      | Found a staircase to the Ecumenical Temple.
  3783 | Temple   | Entered the Ecumenical Temple
  3852 | Temple   | Became a worshipper of Uskayaw the Reveler
  3948 | D:5      | Reached * piety under Uskayaw
  3992 | D:5      | Slain by an ogre

Skill      XL: |  1  2  3  4  5  6  7  8 |
---------------+-------------------------+-----
Unarmed Combat | 1 2 3 4 5 7 9 10 | 10.1
Fighting       | 2 3 4 |  4.1
Dodging        | 2 |  2.1
Throwing       | |  3.6
Stealth        | |  0.3
Shields        | |  0.1
Invocations    | |  0.1

Action                   |  1- 3 |  4- 6 |  7- 9 || total
-------------------------+-------+-------+-------++-------
Melee: Unarmed           |    92 |   231 |   123 ||   446
       Punch             |       |     1 |       ||     1
Throw: Large rock        |       |     2 |     3 ||     5
  Use: Scroll            |     5 |     3 |     1 ||     9
       Potion            |       |     1 |     1 ||     2
 Stab: Sleeping          |     2 |       |       ||     2
  Eat: Chunk             |    15 |    16 |    11 ||    42
Armor: Robe              |    24 |    85 |    28 ||   137
Dodge: Dodged            |    37 |   123 |    39 ||   199
Block: Large shield      |       |       |     2 ||     2
